 Dungeon Crawl Stone Soup version 0.20.1-1-g8b1a95d (webtiles) character file.

144 tailblues the Vexing (level 5, 0/29 HPs)
             Began as a Deep Elf Arcane Marksman on Nov 1, 2017.
             Slain by a hound (3 damage)
             ... on level 4 of the Dungeon.
             The game lasted 00:15:30 (5783 turns).

tailblues the Vexing (Deep Elf Arcane Marksman)     Turns: 5783, Time: 00:15:31

Health: 0/29       AC:  3    Str:  7    XL:     5   Next: 5%
Magic:  11/11      EV: 12    Int: 18    God:
Gold:   178        SH:  0    Dex: 16    Spells: 1/10 levels left

rFire    . . .     SeeInvis .   a - +0 shortbow
rCold    . . .     Gourm    .   (shield currently unavailable)
rNeg     . . .     Faith    .   o - +0 leather armour
rPois    .         Spirit   .   (no helmet)
rElec    .         Reflect  .   (no cloak)
rCorr    .         Harm     .   (no gloves)
MR       .....                  (no boots)
Stlth    +.........             (no amulet)
Regen    0.1/turn               (no ring)
MPRegen  0.2/turn               (no ring)

@: very slightly contaminated, invisible
A: no striking features
a: no special abilities


You were on level 4 of the Dungeon.
You were not hungry.

You visited 1 branch of the dungeon, and saw 4 of its levels.

You collected 178 gold pieces.

Inventory:

Hand Weapons
 a - a +0 shortbow (weapon)
 b - a +0 dagger
Missiles
 d - 22 arrows (quivered)
Armour
 e - a +0 robe
 o - a +0 leather armour (worn)
Scrolls
 l - 2 scrolls of identify
Potions
 g - a potion of might
 j - a potion of flight
 k - 2 potions of invisibility
 p - a potion of agility
Books
 c - a book of Debilitation

   Spells                             Type                      Level
   a - Corona                         Hexes                        1
   b - Slow                           Hexes                        2
   c - Inner Flame                    Hexes/Fire                   3
   d - Portal Projectile              Hexes/Translocation          3
   e - Cause Fear                     Hexes                        4
   f - Leda's Liquefaction            Hexes/Earth                  4
Comestibles
 f - a bread ration
 h - 2 meat rations
 i - a chunk of flesh
 n - a royal jelly


   Skills:
 + Level 1.5 Fighting
 + Level 0.2 Short Blades
 + Level 4.0 Bows
 + Level 2.8 Dodging
 + Level 0.3 Stealth
 + Level 3.0 Spellcasting
 + Level 4.9 Hexes
 + Level 0.2 Fire Magic


You had one spell level left.
You knew the following spells:

 Your Spells              Type           Power        Failure   Level  Hunger
a - Corona                Hex            ###....      3%          1    None
b - Slow                  Hex            ###.....     4%          2    ##.....
c - Inner Flame           Hex/Fire       ##......     26%         3    ###....
d - Portal Projectile     Hex/Tloc       ##....       26%         3    ###....


Dungeon Overview and Level Annotations

Branches:
Dungeon (4/15)
 Temple: D:4-7

Altars:
Elyvilon
Yredelemnul

Annotations:
D:2 Sigmund
D:3 pTCGFNYNwU3Fd6TS's ghost, amateur MiFi
D:4 Regeox's ghost, novice HOGl


Message History

Press: ? - help, Shift-Dir - straight line, f/p - hound
Aim: a hound (moderately wounded, slow)
You shoot an arrow. The arrow barely misses the hound.
The hound barely misses you.
You fade into invisibility!
The hound bites you but does no damage.
You are very lightly contaminated with residual magic.
Firing (i - inventory):
d - 24 arrows (quivered)
Press: ? - help, Shift-Dir - straight line, f/p - hound
Aim: a hound (moderately wounded, slow)
You shoot an arrow. The arrow hits the hound!
The hound is almost dead.
The hound bites you.
* * * LOW HITPOINT WARNING * * *
Firing (i - inventory):
d - 23 arrows (quivered)
Press: ? - help, Shift-Dir - straight line, f/p - hound
Aim: a hound (almost dead, slow)
You shoot an arrow. The arrow closely misses the hound.
The hound is no longer moving slowly.
The hound bites you.
You die...

.##......≈(≈≈≈≈.##
...?...$.≈≈≈≈≈P.#
#......≈.≈≈≈≈..#
#......≈≈≈..≈#..
#.....(♣≈.≈≈≈.#
#....<..♣≈≈≈.##
##.##..#..P.P..#
♣...#.###.###.##
♣.@h.(##..###..?
♣....###......#
♣....###...=.##
♣?...........#
♣....####.....#
###### #######


You could see a hound.

Vanquished Creatures
  An iguana (D:3)
  5 adders
  2 oozes
  3 worms
  2 dart slugs
  A leopard gecko (D:2)
  2 giant cockroaches
  3 hobgoblins
  4 jackals (D:2)
  2 quokkas (D:3)
  A ball python (D:1)
  5 bats
  3 frilled lizards
  6 goblins
  6 kobolds (D:1)
  12 rats
58 creatures vanquished.

Notes
Turn   | Place    | Note
-------+----------+-------------------------------------------
     0 | D:1      | tailblues the Deep Elf Arcane Marksman began the quest for the Orb.
     0 | D:1      | Reached XP level 1. HP: 11/11 MP: 5/5
   571 | D:1      | Reached XP level 2. HP: 16/16 MP: 4/6
   577 | D:1      | Learned a level 2 spell: Slow
   950 | D:1      | Reached XP level 3. HP: 8/20 MP: 3/8
  1708 | D:2      | Reached skill level 1 in Fighting
  2058 | D:2      | Found a basalt altar of Yredelemnul.
  2166 | D:2      | Found a white marble altar of Elyvilon.
  2286 | D:2      | Noticed Sigmund
  2751 | D:2      | Learned a level 3 spell: Inner Flame
  3058 | D:3      | Reached XP level 4. HP: 25/25 MP: 7/9
  3788 | D:3      | Noticed pTCGFNYNwU3Fd6TS's ghost (amateur MiFi)
  5091 | D:3      | Reached XP level 5. HP: 2/29 MP: 11/11
  5091 | D:3      | HP: 1/29 [poisoned by an adder]
  5368 | D:4      | Noticed Regeox's ghost (novice HOGl)
  5493 | D:4      | Learned a level 3 spell: Portal Projectile
  5783 | D:4      | Slain by a hound

Skill      XL: |  1  2  3  4 |
---------------+-------------+-----
Spellcasting   | 2 3 |  3.0
Bows           | 3 4 |  4.0
Fighting       | 1 |  1.5
Short Blades   | |  0.2
Dodging        | |  2.8
Stealth        | |  0.3
Hexes          | |  4.9
Fire Magic     | |  0.2

Action                   |  1- 3 |  4- 6 || total
-------------------------+-------+-------++-------
Melee: Dagger            |    37 |    13 ||    50
 Fire: Shortbow          |   113 |   102 ||   215
 Cast: Corona            |    14 |     8 ||    22
       Slow              |    17 |    18 ||    35
       Inner Flame       |       |     2 ||     2
  Use: Scroll            |    10 |     1 ||    11
       Potion            |     2 |     3 ||     5
  Eat: Chunk             |     8 |     4 ||    12
       Meat ration       |       |     1 ||     1
Armor: Robe              |    11 |     6 ||    17
       Leather armour    |       |     9 ||     9
Dodge: Dodged            |    58 |    50 ||   108
